 Dungeon Crawl Stone Soup version 0.30.0-29-ga12c61a403 (webtiles) character file.

Game seed: 6529754033343815394

1375 monsoonserge the Thaumaturge (level 8, 0/52 HPs)
             Began as a Djinni Venom Mage on June 9, 2023.
             Was an Initiate of Gozag.
             Slain by a water moccasin zombie (3 damage)
             ... in an ossuary.
             The game lasted 00:20:54 (3521 turns).

monsoonserge the Thaumaturge (Djinni Venom Mage)    Turns: 3521, Time: 00:20:54

Health: 0/52       AC:  5    Str:  5 (7)  XL:     8   Next: 98%
Gold:   658        EV: 12    Int: 15 (18) God:    Gozag SH:  0 Dex: 12 (15)

rFire   + + .        q - +0 glaive (flame)
rCold   x . .        (shield currently unavailable)
rNeg    . . .        r - +0 steam dragon scales
rPois   ∞            (no helmet)
rElec   .            (no cloak)
rCorr   +            (no gloves)
SInv    .            (boots unavailable)
Will    .....        (no amulet)
Stlth   +            h - ring of resist corrosion
HPRegen 0.28/turn    (no ring)
MPRegen 0.00/turn

%: infuse magic (-1 HP)
@: confused, ambrosia-drunk, flying
A: sickness immunity, fire resistance 2, cold vulnerability 1, float, innate
caster, HP casting, extra vitality 1
a: Renounce Religion, Potion Petition, Call Merchant, Bribe Branch


You were in an ossuary.
You worshipped Gozag.
Gozag was pleased with you.
You visited 1 branch of the dungeon, and saw 6 of its levels.
You also visited: Ossuary.

You collected 658 gold pieces.

Inventory:

Hand Weapons
 e - a +0 short sword of venom
 q - a +0 glaive of flaming (weapon)
Missiles
 a - a boomerang (quivered)
Armour
 r - +0 steam dragon scales (worn)
Jewellery
 h - a ring of resist corrosion (left hand)
Wands
 p - a wand of mindburst (20)
 s - a wand of polymorph (4)
Scrolls
 c - 2 scrolls of amnesia {unknown}
 d - 3 scrolls of teleportation {unknown}
 f - 4 scrolls of identify {unknown}
 j - a scroll of magic mapping {unknown}
 t - a scroll of fear {unknown}
Potions
 b - 2 potions of curing
 k - a potion of flight {unknown}
 l - a potion of cancellation {unknown}
 m - a potion of heal wounds {unknown}
 n - a potion of lignification {unknown}
 o - a potion of resistance {unknown}


   Skills:
 + Level 1.0 Fighting
 - Level 1.0 Short Blades
 + Level 0.1 Polearms
 + Level 2.8 Dodging
 - Level 2.0 Stealth
 * Level 8.0 Spellcasting


You knew the following spells:

 Your Spells              Type           Power      Damage    Failure   Level
a - Sting                 Tmut/Pois      100%       1d8       1%          1
b - Poisonous Vapours     Pois/Air       60%        N/A       1%          2
c - Mephitic Cloud        Conj/Pois/Air  30%        N/A       1%          3
d - Olgreb's Toxic Radia  Pois           30%        N/A       4%          4
e - Slow                  Hex            100%       N/A       1%          1
f - Scorch                Fire           60%        2d8       1%          2
g - Vampiric Draining     Necr           30%        2d8       1%          3
Your spell library was empty.

Dungeon Overview and Level Annotations

Branches:
Dungeon (7/15)            Ossuary (1/1)
 Temple: D:4-7

Altars:
Gozag

Shops:
D:1 [

Annotations:
D:6 cheesebisquit's ghost, novice GrHu


Innate Abilities, Weirdness & Mutations

You are immune to sickness and miasma.
You are immune to poison.
Your flesh is very heat resistant. (rF++)
You are vulnerable to cold. (rC-)
You float through the air rather than walking.
You learn spells naturally, not from books.
Your magical power is your life essence.
You have superior vitality. (+4 MHP)


Message History

The water moccasin zombie is almost destroyed.
The water moccasin zombie bites you.
The water moccasin zombie closely misses you.
You closely miss the water moccasin zombie.
The water moccasin zombie is almost destroyed.
The water moccasin zombie bites you. x2
You closely miss the water moccasin zombie.
The water moccasin zombie is almost destroyed.
The water moccasin zombie bites you.
The water moccasin zombie bites you but does no damage.
You hit the water moccasin zombie but do no damage.
The water moccasin zombie is almost destroyed.
The water moccasin zombie barely misses you.
The water moccasin zombie bites you.
You barely miss the water moccasin zombie.
The water moccasin zombie is almost destroyed.
The water moccasin zombie bites you.
* * * LOW HITPOINT WARNING * * *
The water moccasin zombie bites you.
* * * LOW HITPOINT WARNING * * *
It was a potion of degeneration.
There was something very wrong with that liquid.
You feel weakened.
You feel dopey.
You feel clumsy. The water moccasin zombie bites you.
* * * LOW HITPOINT WARNING * * *
Okay, then.
You feel better.
The water moccasin zombie completely misses you.
The water moccasin zombie bites you.
* * * LOW HITPOINT WARNING * * *
It was a potion of ambrosia.
You are confused.
You feel invigorated. The water moccasin zombie bites you.
* * * LOW HITPOINT WARNING * * *
The water moccasin zombie bites you.
* * * LOW HITPOINT WARNING * * *
The water moccasin zombie attacks as you move away!
The water moccasin zombie bites you.
You die...
Your body crumbles into a pile of gold.

### #########
#!!??#...#..∩#
+?!(?#.∩.'...#
#??!!#...#...#
### #####...#
#@..# ##Z##


ZZZ# #ZZZ# #...# #...# ###+# You could see 2 adder zombies, 2 water moccasin
zombies and a gnoll zombie.

Vanquished Creatures
  Maggie (D:7)
  Grinder (D:6)
  Prince Ribbit (D:7)
  2 ice beasts
  An orc warrior (D:7)
  A bullfrog (D:7)
  A jelly (D:6)
  2 howler monkeys
  2 hounds (D:6)
  A sleepcap (D:6)
  Natasha (D:2)
  An adder (D:2)
  3 dart slugs
  3 orcs
  4 bats
  6 endoplasms
  7 giant cockroaches
  7 goblins
  9 hobgoblins
  6 jackals
  10 quokkas
  3 ball pythons
  3 frilled lizards
  A hobgoblin zombie (Ossuary)
  7 kobolds
  A quokka zombie (D:5)
  6 rats
  A rat zombie (D:5)
92 creatures vanquished.

Notes
Turn   | Place    | Note
-------+----------+-------------------------------------------
     0 | D:1      | monsoonserge the Djinni Venom Mage began the quest for the
                  | Orb.
     0 | D:1      | monsoonserge set off with the following spells memorised:
                  | Sting, Poisonous Vapours, Mephitic Cloud, Olgreb's Toxic
                  | Radiance.
     0 | D:1      | Reached XP level 1. HP: 15/15 MP: 0/0
    92 | D:1      | Found a faded altar of an unknown god.
    96 | D:1      | Prayed at the altar of an unknown god.
    96 | D:1      | Became a worshipper of Gozag Ym Sagoz the Greedy
   132 | D:1      | Reached XP level 2. HP: 7/21 MP: 0/0
   281 | D:2      | Reached skill level 3 in Spellcasting
   465 | D:2      | Reached XP level 3. HP: 23/25 MP: 0/0
   465 | D:2      | Learned a level 1 spell: Slow
   779 | D:1      | Found Warin's Armour Shop.
  1239 | D:1      | Reached XP level 4. HP: 30/31 MP: 0/0
  1650 | D:2      | Noticed Natasha
  1656 | D:2      | Killed Natasha
  1951 | D:3      | Reached XP level 5. HP: 32/35 MP: 0/0
  1951 | D:3      | Learned a level 2 spell: Scorch
  1968 | D:3      | Reached skill level 4 in Spellcasting
  2229 | D:3      | You are sucked into a shaft and drop 3 floors!
  2240 | D:6      | Noticed Grinder
  2240 | D:6      | Paralysed by Grinder for 4 turns
  2250 | D:6      | Killed Grinder
  2250 | D:6      | Noticed an ogre
  2251 | D:6      | Reached skill level 5 in Spellcasting
  2251 | D:6      | Reached XP level 6. HP: 24/41 MP: 0/0
  2381 | D:7      | Noticed Maggie
  2423 | D:7      | Killed Maggie
  2424 | D:7      | Reached skill level 1 in Short Blades
  2424 | D:7      | Reached skill level 6 in Spellcasting
  2424 | D:7      | Reached XP level 7. HP: 16/46 MP: 0/0
  2424 | D:7      | Learned a level 3 spell: Vampiric Draining
  2554 | D:7      | Noticed Prince Ribbit
  2582 | D:7      | Reached XP level 8. HP: 42/51 MP: 0/0
  2708 | D:7      | Reached skill level 1 in Fighting
  2710 | D:7      | Killed Prince Ribbit
  2711 | D:7      | Reached skill level 7 in Spellcasting
  3418 | D:6      | Noticed cheesebisquit's ghost (novice GrHu)
  3419 | D:5      | Entered Level 5 of the Dungeon
  3440 | D:5      | Reached skill level 8 in Spellcasting
  3461 | D:5      | Found a sand-covered staircase.
  3482 | Ossuary  | Entered an ossuary
  3521 | Ossuary  | Slain by a water moccasin zombie

Illustrated notes

Levels and vault maps discovered:
D:1:      noname_arrival_rooms_in_the_neighbourhood, layout_basic, serial_shops,
          shop, hellmonk_ecumenical_altar_heavens_door,
          wander_ebering_terrifying_dragon_lair
D:2:      layout_basic, minmay_goblin_outpost, uniq_natasha
D:3:      layout_loops_cross, fedhas_altar_2,
          chequers_temple_overflow_minitemple, serial_shops, shop, shop, shop,
          nicolae_diamond_shop
D:5:      layout_gridville, overflow_temple_1_default, enter_ossuary_4
D:6:      minmay_polygon_palace, layout_basic, gammafunk_ghost_split,
          gup_sewer_entry_pipe, roderic_lattice_a,
          nicolae_shop_i_like_big_books, corexii_leaking_fountain, st_stairs_8,
          uniq_grinder, uniq_duvessa
D:7:      layout_basic, minmay_temple_entry_statues_fountains,
          uniq_crazy_yiuf_cottage, uniq_prince_ribbit1, uniq_maggie
Ossuary:  ossuary_tomb_2

Skill      XL: |  1  2  3  4  5  6  7  8 |
---------------+-------------------------+-----
Spellcasting   | 3 5 6 8 |  8.0
Short Blades   | 1 |  1.0
Stealth        | 2 |  2.0
Fighting       | 1 |  1.0
Polearms       | |  0.1
Dodging        | |  2.8

Action                     |  1- 3 |  4- 6 |  7- 9 || total
---------------------------+-------+-------+-------++-------
  Melee: Unarmed           |     2 |       |       ||     2
         Short sword       |    28 |    16 |       ||    44
         Glaive            |       |       |    22 ||    22
  Throw: Boomerang         |       |       |     1 ||     1
   Cast: Sting             |    51 |    27 |    25 ||   103
         Poisonous Vapours |    17 |    29 |    18 ||    64
         Scorch            |       |     9 |    18 ||    27
         Slow              |       |     7 |     4 ||    11
  Evoke: Wand              |       |     1 |       ||     1
    Use: Potion            |       |     1 |     3 ||     4
   Stab: Sleeping          |       |     2 |     2 ||     4
 Armour: Robe              |    10 |     1 |       ||    11
         Steam dragon scal |       |       |     8 ||     8
  Dodge: Dodged            |    24 |    18 |    24 ||    66
